 Dungeon Crawl Stone Soup version 0.25-a0-289-g406d6369f5 (webtiles) character file.

Game seed: 8293911748155543166, levelgen mode: deterministic

284 MoonlitKnight the Shield-Bearer (level 6, -2/39 HPs)
             Began as a Gargoyle Fighter on Dec 13, 2019.
             Was an Initiate of Gozag.
             Killed by divine providence
             ... invoked by an orc priest
              (10 damage)
             ... on level 5 of the Dungeon.
             The game lasted 00:07:25 (3225 turns).

MoonlitKnight the Shield-Bearer (Gargoyle Fighter)  Turns: 3225, Time: 00:07:27

Health: -2/39      AC: 11    Str: 22    XL:     6   Next: 29%
Magic:  6/6        EV:  7    Int:  8    God:    Gozag
Gold:   186        SH:  9    Dex:  9    Spells: 5/5 levels left

rFire    . . .     SeeInvis .   a - +0 whip
rCold    . . .     Gourm    .   c - +0 shield
rNeg     + . .     Faith    .   b - +0 scale mail
rPois    ∞         Spirit   .   (no helmet)
rElec    +         Reflect  .   (no cloak)
rCorr    .         Harm     .   (no gloves)
MR       .....                  (no boots)
Stlth    ..........             (no amulet)
HPRegen  0.13/turn              (no ring)
MPRegen  0.10/turn              (no ring)

@: no status effects
A: negative energy resistance 1, electricity resistance, unbreathing,
petrification resistance, rot immunity, AC +4
a: Potion Petition, Call Merchant, Bribe Branch, Renounce Religion


You were on level 5 of the Dungeon.
You worshipped Gozag.
Gozag was aware of your devotion.
You were hungry.

You visited 2 branches of the dungeon, and saw 6 of its levels.

You collected 244 gold pieces.
You paid 58 gold pieces to Gozag.

Inventory:

Hand Weapons
 a - a +0 whip (weapon)
 n - a +0 hunting sling
 o - a +0 flail
Missiles
 i - 34 poisoned darts (quivered)
 l - 10 sling bullets
 t - 5 javelins
Armour
 b - a +0 scale mail (worn)
 c - a +0 shield (worn)
Scrolls
 j - 5 scrolls of teleportation {unknown}
 k - 7 scrolls of remove curse {unknown}
 m - 6 scrolls of identify {unknown}
 p - a scroll of fog {unknown}
 q - a scroll of magic mapping {unknown}
Potions
 d - 2 potions of might
 e - a potion of heal wounds {unknown}
 g - a potion of ambrosia {unknown}
 h - 5 potions of curing {unknown}
 r - a potion of magic {unknown}
 s - a potion of experience {unknown}
 u - a potion of invisibility {unknown}
 v - a potion of haste {unknown}
Comestibles
 f - 5 rations


   Skills:
 + Level 4.4 Fighting
 * Level 4.3 Maces & Flails
 + Level 4.4 Armour
 + Level 4.5 Shields


You had 5 spell levels left.
You didn't know any spells.
Your spell library contained the following spells:

 Spells                   Type           Power        Failure   Level  Hunger
 Shock                    Conj/Air       #...         99%         1    ##.....
 Swiftness                Chrm/Air       #.......     100%        2    ###....
 Static Discharge         Conj/Air       #.......     100%        3    ####...
 Airstrike                Air            #.........   100%        4    #####..
 Lightning Bolt           Conj/Air       #.........   100%        5    ######.


Dungeon Overview and Level Annotations

Branches:
Dungeon (5/15)             Temple (1/1) D:4

Altars:
Ashenzari
Cheibriados
Elyvilon
Fedhas
Gozag
Hepliaklqana
Kikubaaqudgha
Makhleb
Nemelex Xobeh
Okawaru
Qazlal
Ru
Sif Muna
Trog
Uskayaw
Wu Jian
Xom
Yredelemnul
Zin
The Shining One


Innate Abilities, Weirdness & Mutations

You are resistant to torment.
Your stone body is resilient. (AC +4)
You are immune to poison.
You resist negative energy. (rN+)
You are resistant to electric shocks. (rElec)
You can survive without breathing.
You are immune to petrification.
You are immune to rotting.


Message History

The orc priest looks encouraged for a moment.
The orc priest mumbles some strange prayers to Beogh against you.
Beogh smites you!
* * * LOW HITPOINT WARNING * * *
The orc wizard mumbles some strange words.
The orc wizard blinks!
The orc priest casts a cantrip, but nothing happens.
The orc priest miscasts a cantrip.
You hit the orc priest.
The orc priest is moderately wounded.
You block the orc priest's attack.
You hit the orc priest.
The orc priest is heavily wounded.
The orc priest hits you but does no damage.
The orc wizard gestures wildly while chanting.
The orc wizard seems to speed up.
The orc priest mumbles some strange prayers to Beogh against you.
Beogh smites you!
You die...
Your body crumbles into a pile of gold.

.......##.......#
................#
.........<......#
................#
......Z##o......#
....... #Zo.....#
....... #o#'#####
###.### #o#.# #.
#@#.# # #.#.#
#.#.# #.#.# ..#.#
####.# #....#
#.#######
#...<...+


You could see 3 orc priests, an orc wizard and a water moccasin zombie.

Vanquished Creatures
  A hound (D:3)
  A jelly (D:5)
  2 centaur skeletons (D:4)
  A worker ant (D:4)
  4 adders
  An ooze (D:3)
  2 worms
  2 dart slugs
  4 leopard geckos
  2 orcs
  A ball python (D:2)
  6 giant cockroaches
  7 hobgoblins
  7 jackals
  11 bats
  6 frilled lizards
  17 goblins
  9 kobolds
  A leopard gecko skeleton (D:5)
  A quokka skeleton (D:4)
  10 rats
96 creatures vanquished.

Notes
Turn   | Place    | Note
-------+----------+-------------------------------------------
     0 | D:1      | MoonlitKnight the Gargoyle Fighter began the quest for the
                  | Orb.
     0 | D:1      | Reached XP level 1. HP: 14/14 MP: 1/1
    53 | D:1      | Reached XP level 2. HP: 18/19 MP: 2/2
   313 | D:1      | Reached XP level 3. HP: 22/23 MP: 3/3
   845 | D:2      | Reached XP level 4. HP: 29/29 MP: 4/4
  1399 | D:3      | Reached XP level 5. HP: 17/33 MP: 5/5
  2304 | D:4      | Found a staircase to the Ecumenical Temple.
  2314 | Temple   | Entered the Ecumenical Temple
  2443 | Temple   | Became a worshipper of Gozag Ym Sagoz the Greedy
  2722 | D:4      | Reached XP level 6. HP: 33/39 MP: 6/6
  2748 | D:4      | Found a bloodstained altar of Trog.
  2758 | D:4      | Found a white marble altar of Elyvilon.
  2910 | D:4      | Found a stormy altar of Qazlal.
  2943 | D:4      | Found a blossoming altar of Fedhas.
  3177 | D:5      | Entered Level 5 of the Dungeon
  3225 | D:5      | Killed from afar by an orc priest

Levels and vault maps discovered:
D:1:      doesnt_arrival_eight_statues, layout_rooms, hangedman_decor_points
D:2:      layout_rooms, first_ration, minmay_goblin_outpost
D:3:      layout_basic
D:4:      layout_loops_ring, kennysheep_mini_moat, fedhas_altar_4,
          amethyst_overflow_temple_binary, minmay_temple_entry_sparse_star
D:5:      layout_basic, serial_glass, glass_columns_b, glass_columns_b,
          uniq_edmund
Temple:   nicolae_temple_elliptical

Skill      XL: |  1  2  3  4  5 |
---------------+----------------+-----
Maces & Flails | 3 4 |  4.3
Shields        | 4 |  4.5
Fighting       | 4 |  4.4
Armour         | 4 |  4.4

Action                   |  1- 3 |  4- 6 || total
-------------------------+-------+-------++-------
Melee: Flail             |   140 |    44 ||   184
       Whip              |       |   210 ||   210
  Eat: Chunk             |       |     4 ||     4
       Ration            |       |     1 ||     1
Armor: Scale mail        |    84 |   137 ||   221
Dodge: Dodged            |    52 |    79 ||   131
Block: Shield            |    95 |   145 ||   240

Table legend:
 A = Non-vault XP
 B = Vault XP
 C = Vault XP percentage of total XP
 D = Non-vault monster count
 E = Vault monster count
 F = Vault count percentage of total count
                 A         B        C        D         E       F
            +---------+---------+-------+---------+---------+-------
      Total |     388 |      19 |   4.7 |      86 |      10 |  10.4
            +---------+---------+-------+---------+---------+-------
        D:1 |      45 |       0 |   0.0 |      29 |       0 |   0.0
        D:2 |      54 |      19 |  26.0 |      22 |      10 |  31.2
        D:3 |     105 |       0 |   0.0 |      26 |       0 |   0.0
        D:4 |     143 |       0 |   0.0 |       7 |       0 |   0.0
        D:5 |      41 |       0 |   0.0 |       2 |       0 |   0.0
            +---------+---------+-------+---------+---------+-------
